Map: Defender's Landing LE

Players

BsB

  • Race: Terran Terran
  • Spawn Location: 1:00

PiZZZaSloZZZ - Winner!

  • Race: Zerg Zerg
  • League: Gold
  • Spawn Location: 7:00

VOD

Have the link to the VOD?

Description

Time

  • Played on: May 14, 2017, 4:31 p.m.
  • Length: 4:43
Show
View Real Time Build Order
Export as new Build Order

BsB Terran 

Build Orders:  

Get SALT Encoding   

  12  0:01  SCV  
  13  0:13  SCV  
  14  0:18  Supply Depot  
  14  0:25  SCV  
  15  0:39  SCV  
  15  0:41  Barracks  
  16  0:47  Refinery  
  16  0:51  SCV  
  17  1:04  SCV  
  18  1:16  SCV  
  19  1:28  Orbital Command  
  19  1:36  Barracks Reactor  
  19  1:45  Command Center  
  19  1:54  Barracks  
  19  1:58  SCV  
  20  2:10  SCV  
  20  2:13  Marine  
  20  2:14  Marine  
  23  2:23  Supply Depot  
  23  2:32  Barracks  
  23  2:44  Barracks Reactor, Marine x2  
  23  2:45  SCV  
  26  2:57  SCV  
  27  3:02  Marine  
  28  3:06  Orbital Command  
  28  3:09  SCV  
  28  3:21  SCV  
  29  3:33  SCV  
  29  3:35  Marine x5  
  30  3:45  SCV  
  31  3:57  SCV  
  32  4:09  SCV  
  30  4:25  Marine x3  
  30  4:31  Bunker  
Show
View Real Time Build Order
Export as new Build Order

PiZZZaSloZZZ Zerg - Winner!

Build Orders: Hatch First 

Get SALT Encoding   

  12  0:01  Drone  
  13  0:13  Overlord  
  13  0:18  Drone  
  14  0:37  Drone x2  
  14  0:38  Drone  
  17  0:50  Drone  
  18  1:04  Extractor  
  17  1:06  Hatchery  
  16  1:17  Spawning Pool  
  15  1:19  Drone  
  15  1:21  Drone  
  17  1:25  Drone  
  17  1:32  Drone  
  19  1:42  Drone  
  20  1:54  Overlord  
  20  2:04  Queen  
  22  2:10  Overlord  
  22  2:17  Drone  
  22  2:18  Queen  
  22  2:22  Metabolic Boost  
  25  2:24  Zergling x2  
  27  2:37  Zergling x6  
  29  3:05  Lair  
  29  3:07  Drone x4  
  29  3:08  Drone  
  31  3:41  Zergling x6  
  31  3:42  Zergling x12  
  40  3:55  Zergling x4  
  42  4:03  Zergling x2  
  42  4:34  Spire  
Tags
 
Add a new tag
Caveats
  • Supply blocks, unpowered buildings, or Contaminate may cause inaccurate times.
  • Supply counts are checked every 10 seconds.